 Dungeon Crawl Stone Soup version 0.26-a0-854-gdc81c2f471 (webtiles) character file.

Game seed: 18117209984526942760

86116 painrobin the Warrior (level 15, -1/145 HPs)
             Began as a Hill Orc Fighter on Nov 22, 2020.
             Was a High Priest of Kikubaaqudgha.
             Slain by a thorn hunter (15 damage)
             ... on level 2 of the Swamp.
             The game lasted 01:25:23 (36305 turns).

painrobin the Warrior (Hill Orc Fighter)           Turns: 36305, Time: 01:25:24

Health: -1/145     AC: 30    Str: 24    XL:     15   Next: 86%
Magic:  6/6        EV:  6    Int: 12    God:    Kikubaaqudgha [*****.]
Gold:   759        SH: 26    Dex: 12    Spells: 14/14 levels left

rFire    . . .     SeeInvis .   a - +9 spear (pain) {painspear}
rCold    + + .     Faith    .   Q - +2 tower shield
rNeg     . . .     Spirit   .   K - +3 plate armour {rC+}
rPois    .         Reflect  +   p - +0 helmet "Lepnih" {+Blink MR+++ MP-9 Int-2}
rElec    .         Harm     .   U - +2 cloak {rCorr}
rCorr    +         Rampage  .   B - +1 pair of gloves
MR       ++++.                  G - +2 pair of boots
Stlth    ..........             F - amulet of reflection
HPRegen  0.34/turn              D - +6 ring of intelligence
MPRegen  0.10/turn              Y - ring of protection from cold

@: lightly drained
A: no striking features
a: Receive Corpses, Torment, Renounce Religion, Evoke Blink


You were on level 2 of the Swamp.
You worshipped Kikubaaqudgha.
Kikubaaqudgha was extremely pleased with you.
You visited 5 branches of the dungeon, and saw 26 of its levels.
You also visited: Bailey.

You collected 3357 gold pieces.
You spent 2598 gold pieces at shops.

Inventory:

Hand Weapons
 a - a +9 spear of pain (weapon) {painspear}
 b - a +3 scimitar of freezing
 T - a +3 hand axe of draining
Missiles
 s - 7 silver javelins
 w - 4 throwing nets (quivered)
 J - 6 curare-tipped darts
Armour
 p - the +0 helmet "Lepnih" (worn) {+Blink MR+++ MP-9 Int-2}
   (You bought it in a shop on level 8 of the Dungeon)

   It affects your intelligence (-2).
   It affects your resistance to hostile enchantments.
   It affects your magic capacity (-9).
   It lets you blink.
 B - a +1 pair of gloves (worn)
 G - a +2 pair of boots (worn)
 K - a +3 plate armour of cold resistance (worn)
 L - a +1 helmet
 Q - a +2 tower shield (worn)
 U - a +2 cloak of preservation (worn)
Jewellery
 f - the amulet "Ykuid" {Faith rN+ Str-5 Dex+5 Slay+3}
   (You bought it in a shop on level 2 of the Orcish Mines)

   [amulet of faith]

   It allows you to gain divine favour quickly.
   It affects your strength (-5).
   It affects your dexterity (+5).
   It affects your accuracy and damage with ranged weapons and melee attacks
   (+3).
   It protects you from negative energy.
 q - an uncursed ring of resist corrosion
 D - a +6 ring of intelligence (left hand)
 F - an amulet of reflection (around neck)
 V - an uncursed ring of ice
 Y - a ring of protection from cold (right hand)
Wands
 n - a wand of paralysis (7)
 r - a wand of flame (142)
 v - a wand of enslavement (3)
 A - a wand of polymorph (11)
 M - a wand of digging (5)
Scrolls
 c - a scroll of vulnerability
 e - a scroll of blinking
 g - 5 scrolls of amnesia
 h - a scroll of torment
 l - 3 scrolls of fear
 m - a scroll of immolation
 t - 2 scrolls of random uselessness
 y - 5 scrolls of teleportation
 H - 3 scrolls of remove curse
 N - 4 scrolls of enchant weapon
 P - a scroll of silence
 R - a scroll of magic mapping
 W - 2 scrolls of identify
Potions
 d - 9 potions of attraction
 i - 3 potions of ambrosia
 j - 3 potions of mutation
 k - a potion of cancellation
 u - 2 potions of curing
 x - 2 potions of might
 z - 2 potions of brilliance
 C - 2 potions of magic
 I - a potion of flight
 O - 2 potions of berserk rage
 Z - 4 potions of lignification
Miscellaneous
 E - a box of beasts (inert)
 X - a condenser vane (inert)


   Skills:
 + Level 16.3(15.8) Fighting
 - Level 2.1(1.8) Polearms
 + Level 13.1(12.6) Armour
 + Level 4.3(3.9) Dodging
 + Level 12.8(12.3) Shields
 * Level 16.0(15.5) Necromancy


You had 14 spell levels left.
You didn't know any spells.
Your spell library contained the following spells:

 Spells                   Type           Power        Failure   Level
 Animate Skeleton         Necr           #####.       2%          1
 Pain                     Necr           ####         2%          1
 Sublimation of Blood     Necr           #####.....   4%          2
 Vampiric Draining        Necr           #####.....   9%          3
 Dispel Undead            Necr           #####...     26%         4
 Agony                    Necr           #####...     58%         5
 Death Channel            Necr           #####.....   99%         6
 Apportation              Tloc           #.....       100%        1
 Corona                   Hex            #......      100%        1
 Magic Dart               Conj           #...         100%        1
 Summon Small Mammal      Summ           #...         100%        1
 Blink                    Tloc           N/A          100%        2
 Call Imp                 Summ           #.......     100%        2
 Slow                     Hex            #.......     100%        2
 Confusing Touch          Hex            #.......     100%        3
 Conjure Flame            Conj/Fire      #.......     100%        3
 Gell's Gravitas          Tloc           #.........   100%        3
 Lesser Beckoning         Tloc           #.........   100%        3
 Mephitic Cloud           Conj/Pois/Air  #.......     100%        3
 Teleport Other           Tloc           #.......     100%        3
 Leda's Liquefaction      Hex/Erth       #.........   100%        4
 Passage of Golubria      Tloc           N/A          100%        4
 Petrify                  Tmut/Erth      #.......     100%        4
 Bolt of Magma            Conj/Fire/Erth #.........   100%        5
 Borgnjor's Vile Clutch   Necr/Erth      ###.......   100%        5
 Iskenderun's Battlesphe  Conj           #.......     100%        5
 Metabolic Englaciation   Hex/Ice        #.........   100%        5
 Yara's Violent Unravell  Hex/Tmut       #.........   100%        5
 Iron Shot                Conj/Erth      #.........   100%        6
 Simulacrum               Ice/Necr       ###.......   100%        6
 Statue Form              Tmut/Erth      #........    100%        6
 Orb of Destruction       Conj           #.........   100%        7
 Spellforged Servitor     Conj/Summ      #.........   100%        7
 Shatter                  Erth           #.........   100%        9


Dungeon Overview and Level Annotations

Branches:
Dungeon (15/15)            Temple (1/1) D:5            Lair (6/6) D:11
  Swamp (2/4) Lair:4        Snake (0/4) Lair:3        Slime (0/5) Lair:6
    Orc (2/2) D:9             Elf (0/3) Orc:2        Vaults (0/5) D:14
 Depths (0/5) D:15         Bailey (visited)

Altars:
Ashenzari
Cheibriados
Dithmenos
Elyvilon
Fedhas
Hepliaklqana
Kikubaaqudgha
Makhleb
Okawaru
Qazlal
Sif Muna
Trog
Uskayaw
Vehumet
Wu Jian
Xom
Yredelemnul
The Shining One
Beogh

Shops:
D:4 [   D:6 [?   D:8 [   D:12 [   D:13 }   Orc:1 }   Orc:2 =*}[

Annotations:
D:8 3 runed translucent doors, kd29's ghost, novice DrTm
D:10 exclusion: obsidian statue
Lair:2 Gastronok
Lair:5 exclusion: oklob plant
Swamp:2 exclusion: oklob plant


Message History

The volley of thorns hits you!!
* * * LOW HITPOINT WARNING * * *
You barely miss the thorn hunter.
The thorn hunter is heavily damaged.
You block the thorn hunter's attack. x2
Unknown command.
You hit the thorn hunter but do no damage.
The thorn hunter is heavily damaged.
The thorn hunter hits you.
* * * LOW HITPOINT WARNING * * *
The thorn hunter hits you but does no damage.
Unknown command.
Unknown command.
You hit the thorn hunter but do no damage.
The thorn hunter is heavily damaged.
You block the thorn hunter's attack. The thorn hunter hits you!
* * * LOW HITPOINT WARNING * * *
The thorn hunter hits you!
You die...
Kikubaaqudgha rasps: "You have failed me!
Welcome... death!"

≈...♣♣
...♣PP≈..♣♣♣..≈^.≈...♣♣
♣♣.♣≈♣
P..♣...≈...∩.≈...♣....♣
♣≈.♣♣♣
....≈..≈≈...P≈..♣.!...♣
.≈..♣
....♣P...≈≈≈....♣.....P
♣.≈♣♣♣
...P.♣.....P...♣......♣
≈.≈♣≈♣ ♣.P.§≈.....♣≈.....♣
..≈≈§♣♣ ♣♣♣.P.♣≈♣≈♣...♣♣♣
..≈≈≈≈♣♣♣♣.P♣....f....♣..♣
.≈.≈≈≈≈≈♣..♣♣♣..@....♣♣♣..♣
f≈.........♣ ♣.♣...♣.♣ ..♣
.≈.♣♣≈....♣♣♣♣♣..♣..♣♣ ..≈
≈♣..≈y...≈≈.♣ ♣.....♣ ≈..≈
♣♣(y♣...♣♣♣≈≈≈♣♣♣.♣♣♣ ≈.≈≈
.♣.≈≈≈≈.♣ °♣♣♣♣♣♣♣ ...≈
..<.≈≈≈.♣♣♣ ≈≈... ≈
.≈..≈≈≈yf.♣♣.≈.♣≈≈≈
♣♣≈≈.≈.≈♣≈.♣≈§≈≈≈≈♣


You could see a thorn hunter.

Vanquished Creatures
  2 thorn hunters (Swamp:2)
  Frances (D:13)
  Louise (Swamp:1)
  An eleionoma (Lair:4)
  4 hydras
  2 vault guards (D:14)
  4 boulder beetles
  A ghost crab (Swamp:2)
  4 centaur warriors
  2 alligators
  2 two-headed ogres
  A two-headed ogre (shapeshifter) (D:15)
  5 orc high priests
  A goliath frog (Swamp:1)
  3 unseen horrors
  A spriggan druid (Swamp:1)
  3 wizards
  2 bog bodies
  A will-o-the-wisp (Swamp:2)
  2 necromancers (D:14)
  A wolf spider zombie (D:15)
  4 deep elf magi
  12 ugly things
  A mana viper (Lair:4)
  6 manticores
  4 cyclopes
  A black mamba (Lair:1)
  Joseph (D:9)
  6 elephants
  2 gargoyles
  2 cane toads (Lair:1)
  3 rime drakes
  6 kobold demonologists
  6 komodo dragons
  4 yaktaurs (D:15)
  An efreet (D:14)
  8 trolls
  A queen bee (D:8)
  4 polar bears
  11 blink frogs
  4 hornets
  4 tyrant leeches
  5 slime creatures (D:15)
  4 dream sheep
  Sigmund (D:2)
  2 spriggans (Swamp:1)
  2 shadows
  40 yaks
  19 humans (D:14)
  4 wyverns
  4 basilisks
  3 steam dragons
  3 wraiths
  14 vampire mosquitoes
  A naga (Lair:3)
  5 wargs
  4 swamp worms
  An acid dragon (D:14)
  7 water moccasins
  3 swamp drakes
  2 ice beasts
  9 orc warriors
  A phantom (D:12)
  4 sky beasts
  4 black bears
  A necrophage (D:7)
  10 ogres
  2 eyes of draining
  3 boggarts (D:15)
  13 wolves
  9 centaurs
  7 big kobolds
  21 bullfrogs
  9 gnoll sergeants
  7 scorpions
  4 killer bees (D:12)
  11 wights
  An electric eel (Lair:3)
  A howler monkey (shapeshifter) (D:15)
  8 howler monkeys
  A crimson imp (Orc:1)
  4 hounds
  36 orc priests
  A bullfrog zombie (D:8)
  2 bullfrog skeletons
  7 gnoll shamans
  2 iguanas
  An iron imp (Orc:1)
  7 jellies
  Crazy Yiuf (D:2)
  6 centaur skeletons
  Ijyb (D:4)
  11 worker ants
  15 orc wizards
  2 hound skeletons
  2 worker ant zombies
  25 gnolls
  15 adders
  3 shadow imps
  5 white imps
  2 ufetubi
  3 oozes
  An adder zombie (D:5)
  An adder skeleton (D:7)
  A worm (D:3)
  4 dart slugs
  2 leopard geckos
  99 orcs
  A ball python (D:1)
  5 giant cockroaches
  13 hobgoblins
  21 jackals
  5 quokkas
  5 bats (D:1)
  5 frilled lizards
  11 goblins
  A jackal skeleton (D:5)
  23 kobolds
  A quokka skeleton (D:9)
  9 rats
744 creatures vanquished.

Vanquished Creatures (others)
  Kirke (D:12)
  A rakshasa (D:15)
  A spriggan (Swamp:2)
  A quokka (D:5)
  5 briar patches (Swamp:2)
  A bush (Lair:6)
  10 foxfires (Swamp:2)
  40 fungi
  76 plants
136 creatures vanquished.

Grand Total: 880 creatures vanquished

Notes
Turn   | Place    | Note
-------+----------+-------------------------------------------
     0 | D:1      | painrobin the Hill Orc Fighter began the quest for the Orb.
     0 | D:1      | Reached XP level 1. HP: 19/19 MP: 1/1
   107 | D:1      | Reached XP level 2. HP: 24/27 MP: 2/2
   441 | D:1      | Reached skill level 5 in Fighting
   441 | D:1      | Reached XP level 3. HP: 36/36 MP: 3/3
   938 | D:2      | Noticed Sigmund
   963 | D:2      | HP: 1/36 [something/magic dart (4)]
   964 | D:2      | Killed Sigmund
   965 | D:2      | Reached XP level 4. HP: 1/47 MP: 4/4
   965 | D:2      | Reached XP level 5. HP: 1/52 MP: 5/5
  1432 | D:2      | Reached XP level 6. HP: 61/61 MP: 6/6
  1665 | D:2      | Found an iron altar of Okawaru.
  1935 | D:2      | Found a runed translucent door.
  1936 | D:2      | Noticed Crazy Yiuf
  2040 | D:2      | Killed Crazy Yiuf
  2598 | D:3      | You fall into a shaft and drop 3 floors!
  2598 | D:6      | Found a shimmering altar of Xom.
  2646 | D:6      | Reached XP level 7. HP: 59/70 MP: 7/7
  3000 | D:6      | Found Mutsuz's Magic Scroll Shoppe.
  3100 | D:5      | Entered Level 5 of the Dungeon
  3272 | D:4      | Noticed Ijyb
  3299 | D:4      | Killed Ijyb
  3686 | D:4      | Found Qoug's Antique Armour Boutique.
  3781 | D:4      | Found a burning altar of Makhleb.
  4538 | D:4      | Bought a pair of gloves for 117 gold pieces
  4580 | D:5      | Reached skill level 5 in Armour
  4798 | D:5      | Reached XP level 8. HP: 44/79 MP: 8/8
  5128 | D:5      | Reached skill level 5 in Shields
  5161 | D:5      | Reached skill level 10 in Fighting
  5349 | D:5      | Found a staircase to the Ecumenical Temple.
  5355 | Temple   | Entered the Ecumenical Temple
  5410 | Temple   | Became a worshipper of Kikubaaqudgha
  5497 | D:5      | Reached skill level 1 in Necromancy
  5665 | D:5      | Found a white marble altar of Elyvilon.
  6274 | D:6      | Reached XP level 9. HP: 76/86 MP: 9/9
  6764 | D:6      | Found Utaho's Armour Shoppe.
  6899 | D:6      | Bought a +0 helmet for 49 gold pieces
  6899 | D:6      | Bought a +0 pair of boots for 49 gold pieces
  7188 | D:6      | Reached * piety under Kikubaaqudgha
  7188 | D:6      | Identified Kikubaaqudgha's Tome of Black Magic
                  | (Kikubaaqudgha gifted it to you on level 6 of the Dungeon)
  7188 | D:6      | Received a gift from Kikubaaqudgha
  7578 | D:7      | Reached skill level 5 in Necromancy
  7829 | D:7      | Found a hazy altar of Hepliaklqana.
  7829 | D:7      | Found a shadowy altar of Dithmenos.
  7830 | D:7      | Found a shimmering blue altar of Sif Muna.
  8444 | D:8      | Found a runed translucent gate.
  8446 | D:8      | Found a runed translucent gate.
  8447 | D:8      | Found a runed translucent gate.
  8447 | D:8      | Noticed an 11-headed hydra
  8447 | D:8      | Noticed kd29's ghost (novice DrTm)
  8447 | D:8      | Noticed a ten-headed hydra
  8630 | D:8      | Reached ** piety under Kikubaaqudgha
  8749 | D:8      | Noticed a meliai
  8750 | D:8      | Noticed a queen bee
  8750 | D:8      | a meliai changed into a queen bee
  8998 | D:8      | Found Ostraoji's Antique Armour Boutique.
  9071 | D:8      | Noticed a cyan ugly thing
  9091 | D:8      | Killed a cyan ugly thing
  9092 | D:8      | Reached XP level 10. HP: 97/97 MP: 10/10
  9397 | D:8      | Noticed a boulder beetle
  9478 | D:8      | Bought a glowing tower shield for 195 gold pieces
  9711 | D:9      | Found a bloodstained altar of Trog.
  9903 | D:9      | Found a staircase to the Orcish Mines.
 10232 | D:9      | Noticed Joseph
 10260 | D:9      | Killed Joseph
 10868 | D:10     | Entered Level 10 of the Dungeon
 10997 | D:10     | Noticed a deep elf mage
 11042 | D:10     | Killed a deep elf mage
 11327 | D:10     | Noticed an obsidian statue
 11369 | D:10     | Got a bronze ring mail
 11485 | D:10     | Identified the +1 ring mail "Temiaw" {-Tele rC+ rCorr
                  | Slay+2} (You found it on level 10 of the Dungeon)
 12057 | D:10     | You fall into a shaft and drop 1 floor!
 12107 | D:11     | Found a flagged portal.
 12124 | Bailey   | Entered a bailey
 12154 | Bailey   | Reached XP level 11. HP: 103/105 MP: 11/11
 12357 | Bailey   | Reached *** piety under Kikubaaqudgha
 12357 | Bailey   | Identified Kikubaaqudgha's Reference Book on Sinister Rites
                  | (Kikubaaqudgha gifted it to you in a bailey)
 12357 | Bailey   | Received a gift from Kikubaaqudgha
 13081 | D:11     | Found a shadowy altar of Dithmenos.
 13920 | D:11     | Noticed a manticore
 13923 | D:11     | Killed a manticore
 13978 | D:11     | Reached skill level 10 in Necromancy
 13999 | D:11     | Found a staircase to the Lair.
 14319 | D:11     | Noticed a cyan ugly thing
 14346 | D:11     | Killed a cyan ugly thing
 14361 | D:11     | Reached **** piety under Kikubaaqudgha
 14577 | D:11     | Noticed a two-headed ogre
 14607 | Lair:1   | Entered Level 1 of the Lair of Beasts
 14684 | Lair:1   | Noticed a four-headed hydra
 14735 | Lair:1   | Killed a four-headed hydra
 15081 | Lair:1   | You fall into a shaft and drop 1 floor!
 15255 | Lair:2   | Noticed Gastronok
 15563 | Lair:1   | Reached XP level 12. HP: 88/115 MP: 12/12
 15867 | Lair:1   | Reached skill level 1 in Dodging
 18016 | Lair:3   | Found a staircase to the Snake Pit.
 18024 | Lair:3   | Noticed a seven-headed hydra
 18042 | Lair:3   | Killed a seven-headed hydra
 18530 | Lair:3   | Noticed a six-headed hydra
 19365 | Lair:4   | Reached skill level 10 in Armour
 19890 | Lair:4   | Noticed Urug
 19901 | Lair:4   | Noticed Urug
 19901 | Lair:4   | Urug changed into Urug the mana viper
 19925 | Lair:4   | Killed Urug the mana viper
 19926 | Lair:4   | Reached XP level 13. HP: 116/124 MP: 7/13
 20192 | Lair:4   | Found a staircase to the Swamp.
 20849 | Lair:5   | Reached skill level 10 in Shields
 21785 | Lair:6   | Entered Level 6 of the Lair of Beasts
 21981 | Lair:5   | Reached ***** piety under Kikubaaqudgha
 22467 | Lair:6   | Found a staircase to the Slime Pits.
 22920 | D:8      | Bought a pair of runed boots for 195 gold pieces
 22920 | D:8      | Bought a pitted helmet for 247 gold pieces
 22932 | D:8      | Identified the +0 helmet "Lepnih" {+Blink MR+++ MP-9 Int-2}
                  | (You bought it in a shop on level 8 of the Dungeon)
 23469 | D:11     | Noticed a yaktaur captain
 23527 | Orc:1    | Entered Level 1 of the Orcish Mines
 24371 | Orc:2    | Entered Level 2 of the Orcish Mines
 24522 | Orc:1    | Found Penocsayr's Gadget Shoppe.
 26001 | Orc:2    | Found Ulosom's Gadget Shop.
 26001 | Orc:2    | Found Tube's Armour Shoppe.
 26063 | Orc:2    | Found a roughly hewn altar of Beogh.
 26443 | Orc:2    | Found a staircase to the Elven Halls.
 26765 | Orc:2    | Found Zurehan's Jewellery Shop.
 26765 | Orc:2    | Found Vicif's Assorted Antiques.
 27078 | Orc:2    | Bought a shiny plate armour for 598 gold pieces
 27118 | Orc:2    | Bought the amulet "Ykuid" {Faith rN+ Str-5 Dex+5 Slay+3}
                  | for 1148 gold pieces
 27363 | D:12     | Reached ****** piety under Kikubaaqudgha
 27397 | D:11     | Identified a +7 spear of pain {painspear} (a +5 spear
                  | {painspear} bloodied by Kikubaaqudgha)
 27397 | D:11     | Received a gift from Kikubaaqudgha
 27400 | D:11     | PAINSPEAR COMPLETE
 27678 | D:12     | Reached XP level 14. HP: 32/133 MP: 5/14
 28154 | D:12     | Found Guraskip's Armour Emporium.
 28507 | D:12     | Reached skill level 15 in Fighting
 28513 | D:12     | Noticed Kirke
 28541 | D:12     | Killed Kirke
 28914 | D:13     | Noticed Frances
 29043 | D:13     | Killed Frances
 29119 | D:13     | Found a hide-covered altar of Uskayaw.
 29739 | D:13     | Found Plog's Gadget Shop.
 30484 | D:15     | Entered Level 15 of the Dungeon
 31310 | D:14     | Found a gate to the Vaults.
 31372 | D:14     | Reached skill level 15 in Necromancy
 31378 | D:14     | Reached XP level 15. HP: 122/143 MP: 6/15
 32372 | D:15     | Noticed an iron giant
 32391 | D:15     | Noticed a caustic shrike
 32396 | D:15     | a caustic shrike changed into a glowing shapeshifter
 33603 | D:15     | Found a staircase to the Depths.
 33853 | Swamp:1  | Entered Level 1 of the Swamp
 34451 | Swamp:1  | Noticed Louise
 34551 | Swamp:1  | Killed Louise
 35358 | Swamp:2  | Noticed a thorn hunter
 35382 | Swamp:2  | Killed a thorn hunter
 35665 | Swamp:2  | Noticed a thorn hunter
 35678 | Swamp:2  | Killed a thorn hunter
 35774 | Swamp:2  | Noticed a thorn hunter
 36305 | Swamp:2  | Slain by a thorn hunter

Illustrated notes

§#*#<# *,,,,..........#.......
####.######..,,z.........#.......
+#...........,,..........#.......
.............,,..........#.......
.............,,....z.....'...<...
............######..###''#....)..
###+#########....#,,#............
#................####............
#...............@................
#................................
#.......##########....#######....
........#........#....#.....#....
........#........'....#.....#....
........#........#....#.....#....
........#........#..###.....#....
#####...#........#..#.......#....
....#...#....#####..#.......#....


Turn 27400 on D:11: PAINSPEAR COMPLETE

Levels and vault maps discovered:
D:1:      onia_arrival_mini_spirals, layout_loops_cross
D:2:      layout_basic, okawaru_altar_gauntlet_db, uniq_crazy_yiuf_cottage,
          uniq_sigmund
D:3:      layout_loops_corners
D:4:      layout_basic, serial_shops, nicolae_shop_behind_doors, bloody_makhleb,
          uniq_ijyb
D:5:      layout_cave_pools, temple_green, elyvilon_altar_4
D:6:      layout_basic, tgw_xom, serial_shops, nicolae_shop_window_shopping,
          shop, grunt_decor_cap, kennysheep_minor_cross, minmay_quadrilaterals
D:7:      layout_basic, gammafunk_temple_overflow_claw
D:8:      layout_gridville, gammafunk_ghost_hydra_chop, serial_shops,
          nicolae_shop_waterfront, minmay_diamond_spiral
D:9:      layout_irregular_city, old_standard_altar, david_orc_2,
          kennysheep_nub, minmay_statues_item, serial_bayou_crossing,
          uniq_joseph
D:10:     layout_basic, minivault_16
D:11:     minmay_glassy_protrusions, layout_irregular_city, david_lair_generic,
          enter_bailey_4, nicolae_dithmenos_the_darkroom, uniq_sonja
D:12:     layout_basic, serial_shops, shop, uniq_kirke
D:13:     layout_roguey, serial_shops, kennysheep_mini, basic_altar,
          kennysheep_decorative_pillar, uniq_frances
D:14:     layout_irregular_city, grunt_vaults_entry_tiered, wad_floor_pattern_2,
          kennysheep_pointless_box, minivault_19
D:15:     gammafunk_enter_depths_forms, layout_loops_ring,
          chequers_decorated_corner
Temple:   minmay_crystal_spiral_temple
Lair:1:   layout_layer_cave, fungi_pond_lemuel, cheibrodos_lair_lostbears
Lair:2:   layout_cave_pods, grunt_megastairs_4, uniq_gastronok
Lair:3:   layout_cave_pods, guppyfry_snake_entry_island, wad_woods_river_01,
          serial_bayou_shore_b, infiniplex_staircase_pool_2
Lair:4:   layout_regular_city, minmay_swamp_entry_worms, uniq_urug
Lair:5:   layout_roguey, minmay_lair_oklob_bushes, serial_bayou_shore_b
Lair:6:   gammafunk_lair_ancient_temple, layout_gridlike,
          nicolae_slime_entry_slimehenge
Swamp:1:  layout_falls_marsh, nicolae_swamp_treefoil, uniq_louise
Swamp:2:  nicolae_swamp_phyte_club, layout_falls_marsh,
          nicolae_swamp_round_clearing, swamp_pool2
Orc:1:    layout_diamond_mine, serial_shops, shop_statue, hangedman_minor_magic
Orc:2:    st_orc_town, layout_caves

Skill      XL: |  1  2  3  4  5  6  7  8  9 10 11 12 13 14 15 |
---------------+----------------------------------------------+-----
Fighting       | 4 5 7 9 10 11 12 13 14 15 16 | 16.3
Armour         | 5 6 7 9 10 11 12 13 | 13.1
Shields        | 4 6 7 8 9 10 12 | 12.8
Necromancy     | 3 7 9 10 12 13 15 16 | 16.0
Dodging        | 3 4 |  4.3
Polearms       | |  2.1

Action                   |  1- 3 |  4- 6 |  7- 9 | 10-12 | 13-15 || total
-------------------------+-------+-------+-------+-------+-------++-------
Melee: Trident           |   115 |   167 |   574 |   683 |       ||  1539
       Scimitar          |       |       |       |   429 |   697 ||  1126
       Hand axe          |       |       |       |    21 |       ||    21
       Flail             |       |       |       |    12 |       ||    12
       Unarmed           |       |       |       |     9 |       ||     9
       Spear             |       |       |       |       |  1032 ||  1032
Throw: Dart              |       |       |     1 |     9 |     6 ||    16
Invok: Brand Weapon With |       |       |       |       |     1 ||     1
Evoke: Wand              |       |       |    10 |    12 |     7 ||    29
       Condenser vane    |       |       |       |     1 |     3 ||     4
       Box of beasts     |       |       |       |       |     1 ||     1
  Use: Potion            |     1 |     1 |     1 |     3 |     6 ||    12
       Scroll            |       |     2 |     5 |    14 |    21 ||    42
 Stab: Confused          |       |       |       |       |     3 ||     3
       Petrified         |       |       |       |       |     1 ||     1
Armor: Scale mail        |    19 |       |       |   320 |    76 ||   415
       Plate armour      |    33 |   127 |   300 |   150 |   704 ||  1314
       Skin              |       |       |    10 |    39 |       ||    49
Dodge: Dodged            |    33 |    22 |    85 |   153 |   288 ||   581
Block: Kite shield       |    53 |    77 |   313 |     3 |       ||   446
       Reflection        |       |       |     5 |    23 |    84 ||   112
       Tower shield      |       |       |       |  1456 |  2048 ||  3504
       Rpst.: Scimitar   |       |       |       |     9 |    30 ||    39

Table legend: (Time is in decaauts)
 A = Elapsed time spent in this place.
 B = Non-inter-level travel time spent in this place.
 C = Inter-level travel time spent in this place.
 D = Time resting spent in this place.
 E = Time spent auto-exploring this place.
 F = Levels seen in this place.
 G = Mean time per level.
                   A        B        C        D        E       F      G
               +--------+--------+--------+--------+--------+-----+--------+
         Total |  37627 |  36000 |   1627 |  11718 |  13675 |  27 | 1393.6 |
       Dungeon |  21437 |  20463 |    974 |   5870 |   9233 |  15 | 1429.1 |
        Temple |    109 |     56 |     53 |      0 |     52 |   1 |  109.0 |
          Lair |   8939 |   8496 |    443 |   2989 |   2881 |   6 | 1489.8 |
         Swamp |   2339 |   2300 |     39 |   1137 |    591 |   2 | 1169.5 |
  Orcish Mines |   3815 |   3697 |    118 |   1428 |    886 |   2 | 1907.5 |
        Bailey |    986 |    986 |      0 |    293 |     31 |   1 |  986.0 |
               +--------+--------+--------+--------+--------+-----+--------+

Top non-repeatable levels by time:
     D:6: 2148 daAuts
  Lair:1: 2130 daAuts
  Lair:4: 2111 daAuts
    D:14: 1983 daAuts
   Orc:2: 1982 daAuts
    D:15: 1963 daAuts
    D:10: 1945 daAuts
  Lair:5: 1843 daAuts
   Orc:1: 1832 daAuts
     D:8: 1804 daAuts
  Lair:3: 1616 daAuts
    D:11: 1513 daAuts
    D:12: 1430 daAuts
     D:2: 1395 daAuts
 Swamp:2: 1392 daAuts
